 Dungeon Crawl Stone Soup version 0.27.1 (webtiles) character file.

Game seed: 13125641368338749164

1260 nxtlvl the Grappler (level 8, -3/74 HPs)
             Began as a Troll Abyssal Knight on Sept 4, 2021.
             Was a Priest of Lugonu.
             Succumbed to a killer bee's poison
             ... on level 8 of the Dungeon.
             The game lasted 00:08:35 (998 turns).

nxtlvl the Grappler (Troll Abyssal Knight)           Turns: 998, Time: 00:08:36

Health: -3/74      AC:  4    Str: 19 (21) XL:     8   Next: 27%
Magic:  17/17      EV: 10    Int:  8 (10) God:    Lugonu [***...]
Gold:   168        SH:  0    Dex: 13 (14) Spells: 7/7 levels left

rFire    . . .     SeeInvis .     - Unarmed
rCold    x . .     Faith    .   (no shield)
rNeg     + + .     Spirit   .   a - +0 robe
rPois    .         Reflect  .   (helmet restricted)
rElec    .         Harm     .   (no cloak)
rCorr    .         Rampage  .   (gloves unavailable)
Will     .....                  (boots unavailable)
Stlth    +.........             (no amulet)
HPRegen  1.22/turn              h - ring "Ibitem" {rC- rN++ MP+9 Dex+5}
MPRegen  0.15/turn              (no ring)

@: mighty, brilliant, lethally poisoned (-3 -> -18), flying
A: large, unfitting armour, claws 3, regeneration 1, shaggy fur 1, tough skin 1
a: Renounce Religion, Depart the Abyss, Bend Space, Banish


You were on level 8 of the Dungeon.
You worshipped Lugonu.
Lugonu was most pleased with you.
You visited 1 branch of the dungeon, and saw 8 of its levels.
You visited the Abyss 1 time.

You collected 168 gold pieces.

Inventory:

Hand Weapons
 l - a +0 hunting sling
 o - a +0 giant spiked club
Missiles
 c - a throwing net
 e - 21 poisoned darts (quivered)
 n - 26 sling bullets
Armour
 a - a +0 robe (worn)
Jewellery
 b - a ring of fire
 h - the ring "Ibitem" (left claw) {rC- rN++ MP+9 Dex+5}
   (You found it on level 4 of the Dungeon)

   [ring of magical power]

   Dex:       It affects your dexterity (+5).
   rC:        It makes you vulnerable to cold.
   rN:        It greatly protects you from negative energy.
   MP:        It affects your magic capacity (+9).
Scrolls
 f - a scroll of immolation {unknown}
 j - a scroll of amnesia {unknown}
 k - a scroll of holy word {unknown}
 r - 2 scrolls of identify {unknown}
 s - a scroll of vulnerability {unknown}
 t - a scroll of enchant armour {unknown}
Potions
 g - 3 potions of haste
 m - a potion of brilliance


   Skills:
 - Level 2.4 Fighting
 - Level 1.9 Dodging
 * Level 10.2 Unarmed Combat
 - Level 1.5 Invocations


You had 7 spell levels left.
You didn't know any spells.
Your spell library contained the following spells:

 Spells                   Type           Power      Damage    Failure   Level
 Dazzling Flash           Conj/Hex       0%         N/A       78%         3
 Iskenderun's Mystic Bla  Conj/Tloc      0%         2d3       99%         4
 Starburst                Conj/Fire      0%         6d3       100%        6


Dungeon Overview and Level Annotations

Branches:
Dungeon (8/15)
 Temple: D:4-7         Lair: D:8-11

Altars:
Ashenzari

Shops:
D:5 (


Innate Abilities, Weirdness & Mutations

You are too large for most types of armour.
You have claws for hands.
Your natural rate of healing is unusually fast.
You are covered in fur. (AC +1)
You have tough skin. (AC +1)


Message History

It was a potion of degeneration.
There was something very wrong with that liquid.
You feel weakened.
You feel dopey.
You feel clumsy.
You feel very sick. The killer bee barely misses you.
The killer bee closely misses you. x2
The killer bee barely misses you.
It was a potion of heal wounds.
You feel much better.
You feel very sick. The killer bee misses you. The killer bee stings you.
You are more poisoned.
The killer bee poisons you! The killer bee stings you.
The killer bee stings you!
It was a potion of might.
You feel very mighty all of a sudden.
You feel very sick.
The killer bee stings you but does no damage.
The killer bee barely misses you. The killer bee stings you.
The killer bee stings you but does no damage.
You barely miss the killer bee.
You feel sick. The killer bee closely misses you. The killer bee stings you.
* * * LOW HITPOINT WARNING * * *
The killer bee stings you!
* * * LOW HITPOINT WARNING * * *
You are lethally poisoned!
The killer bee poisons you!
You closely miss the killer bee.
* * * LOW HITPOINT WARNING * * *
You feel very sick. The killer bee stings you!
* * * LOW HITPOINT WARNING * * *
You are more poisoned.
The killer bee poisons you!
The killer bee stings you but does no damage.
The killer bee barely misses you.
The killer bee stings you but does no damage.
Unknown command.
Okay, then.
You claw the killer bee!
You kill the killer bee!
Lugonu accepts your kill.
You die...

...#
...........#.###
....
......#...###
#.... ......##..#
... ... #....#
....#...##
..........####
.............##
..............#
......####@#....#
...... #y##.?.#
...... #y# ...#
... .<.##.


yy. ## ... ## ... ... ....# ... ).... ... .....# ... You could see 4 killer
bees.

Vanquished Creatures
  A wyvern (D:7)
  A hornet zombie (D:7)
  An ogre (D:5)
  A necrophage (D:4)
  A centaur (D:8)
  2 kobold brigands
  A killer bee (D:8)
  3 water moccasin skeletons
  A centaur zombie (D:7)
  2 bullfrog skeletons
  3 orc priests (D:7)
  A centaur skeleton (D:6)
  2 hounds
  3 iguanas
  4 orc wizards
  A shadow imp (D:7)
  A white imp (D:5)
  8 orcs
  3 endoplasms (D:4)
  A giant cockroach (D:4)
  2 jackals (D:4)
  8 kobolds
  A quokka (D:4)
  2 ball pythons
  10 frilled lizards (D:4)
  A rat (D:1)
65 creatures vanquished.

Vanquished Creatures (others)
  8 plants (D:4)
8 creatures vanquished.

Grand Total: 73 creatures vanquished

Notes
Turn   | Place    | Note
-------+----------+-------------------------------------------
     0 | Abyss:1  | nxtlvl the Troll Abyssal Knight began the quest for the
                  | Orb.
     0 | Abyss:1  | Reached XP level 1. HP: 22/22 MP: 1/1
    26 | D:1      | Escaped the Abyss
   205 | D:4      | Found a broken altar of Ashenzari.
   209 | D:4      | Noticed an iguana
   218 | D:4      | HP: 1/22 [iguana (7)]
   220 | D:4      | Killed an iguana
   221 | D:4      | Reached skill level 3 in Unarmed Combat
   221 | D:4      | Reached XP level 2. HP: 4/29 MP: 2/2
   221 | D:4      | Reached XP level 3. HP: 6/36 MP: 3/3
   250 | D:4      | Reached skill level 4 in Unarmed Combat
   303 | D:4      | Identified the ring "Ibitem" {rC- rN++ MP+9 Dex+5}
   321 | D:4      | Reached ** piety under Lugonu
   343 | D:4      | Reached XP level 4. HP: 38/44 MP: 4/4
   385 | D:4      | Noticed a necrophage
   392 | D:4      | Killed a necrophage
   393 | D:4      | Reached skill level 5 in Unarmed Combat
   393 | D:4      | Reached XP level 5. HP: 47/50 MP: 5/5
   410 | D:4      | Reached skill level 6 in Unarmed Combat
   447 | D:4      | Reached XP level 6. HP: 57/59 MP: 6/6
   479 | D:5      | Entered Level 5 of the Dungeon
   511 | D:5      | Reached skill level 7 in Unarmed Combat
   602 | D:5      | Reached XP level 7. HP: 61/66 MP: 7/7
   646 | D:5      | Found Nyss's Antique Weapon Emporium.
   687 | D:6      | Reached skill level 8 in Unarmed Combat
   768 | D:7      | Reached skill level 9 in Unarmed Combat
   786 | D:7      | Noticed a wyvern
   791 | D:7      | Killed a wyvern
   810 | D:7      | Reached XP level 8. HP: 66/74 MP: 8/8
   893 | D:7      | Reached skill level 10 in Unarmed Combat
   929 | D:8      | Reached *** piety under Lugonu
   997 | D:8      | HP: 1/74 [killer bee (7)]
   998 | D:8      | Succumbed to a killer bee's poison

Illustrated notes

Levels and vault maps discovered:
D:1:      eino_arrival_druids_welcome, layout_loops_corners,
          hellmonk_ecumenical_altar_prayer_group
D:2:      layout_basic, minmay_between
D:3:      layout_basic, overflow_temple_1_default, minmay_misc_feat_encased
D:4:      layout_rooms, minitemple, serial_curves, eino_curves_02,
          eino_curves_03, minmay_lizard_king
D:5:      layout_basic, dk_xom_monty_hall, serial_shops, shop
D:6:      layout_layer_cave, minmay_temple_entry_overgrown
D:7:      layout_rooms, ebering_ghost_rock_garden, uniq_joseph
D:8:      layout_cave_pools, mainiacjoe_overflow_brackets, grunt_potential

Skill      XL: |  1  2  3  4  5  6  7  8 |
---------------+-------------------------+-----
Unarmed Combat | 3 4 5 6 7 9 10 | 10.2
Fighting       | |  2.4
Dodging        | |  1.9
Invocations    | |  1.5

Action                   |  1- 3 |  4- 6 |  7- 9 || total
-------------------------+-------+-------+-------++-------
Melee: Unarmed           |    68 |    56 |    87 ||   211
       Punch             |       |       |     4 ||     4
Throw: Dart              |       |     1 |       ||     1
  Use: Potion            |       |       |     5 ||     5
 Stab: Sleeping          |       |       |     1 ||     1
       Distracted        |       |       |     1 ||     1
Armor: Robe              |     9 |     9 |    27 ||    45
Dodge: Dodged            |    28 |    24 |    45 ||    97
